 Dungeon Crawl Stone Soup version 0.31-a0-924-ge39a22a033 (webtiles) character file.

Game seed: 8344600089839925553

199 Morbidden the Ruffian (level 5, -1/42 HPs)
             Began as a Draconian Shapeshifter on Oct 18, 2023.
             Slain by a gnoll
             ... wielding a +0 whip
              (7 damage)
             ... on level 3 of the Dungeon.
             The game lasted 00:03:50 (2571 turns).

Morbidden the Ruffian (Draconian Shapeshifter)      Turns: 2571, Time: 00:03:51

Health: -1/42      AC:  5    Str: 16    XL:     5   Next: 48%
Magic:  5/5        EV: 12    Int: 19    God:
Gold:   106        SH:  0    Dex: 16    Spells: 4/4 levels left

rFire   . .          .
                       - Unarmed
rCold   . . .        (no shield)
rNeg    . . .        (body armour unavailable)
rPois   .            (helmet currently unavailable)
rElec   .            (cloak currently unavailable)
rCorr   .            (gloves currently unavailable)
SInv    .            (boots currently unavailable)
Will    .....        (no amulet)
Stlth   ++           i - +6 ring of intelligence
HPRegen 0.27/turn    k - +6 ring of dexterity
MPRegen 0.09/turn

%: no passive effects
@: beast-form
A: beast (slay +2), AC +5, unfitting armour, cold-blooded
a: Begin Untransformation


You were on level 3 of the Dungeon.
You were a hulking beast.
You visited 1 branch of the dungeon, and saw 3 of its levels.

You collected 106 gold pieces.

Inventory:

Missiles
 p - 2 boomerangs
Armour
 l - a +0 pair of gloves
Jewellery
 i - a +6 ring of intelligence (left hand)
 k - a +6 ring of dexterity (right hand)
 r - a ring of protection from fire
Talismans
 b - a beast talisman (active)
 c - a flux talisman
Scrolls
 d - 2 scrolls of noise {unknown}
 f - a scroll of teleportation {unknown}
 g - 3 scrolls of identify {unknown}
 j - a scroll of enchant armour {unknown}
 m - a scroll of torment {unknown}
 n - a scroll of amnesia {unknown}
 q - a scroll of revelation {unknown}
Potions
 a - a potion of lignification
 e - 2 potions of attraction {unknown}
 h - a potion of magic {unknown}


   Skills:
 * Level 2.5 Fighting
 + Level 0.1 Throwing
 * Level 2.5 Dodging
 + Level 0.5 Stealth
 * Level 4.6 Unarmed Combat
 * Level 3.8 Shapeshifting


You had 4 spell levels left.
You didn't know any spells.
Your spell library contained the following spells:

 Spells                   Type           Power      Damage    Failure   Level
 Gell's Gravitas          Tloc           0%         N/A       52%         3
 Teleport Other           Tloc           0%         N/A       52%         3
 Dispersal                Tloc           0%         N/A       100%        6


Dungeon Overview and Level Annotations

Branches:
Dungeon (3/15)

Altars:
Elyvilon


Innate Abilities, Weirdness & Mutations

You are a hulking beast.
Your limbs bulge with bestial killing power. (Slay +2)
Your plain brown scales are hard. (AC +5)
You cannot fit into any form of body armour.
You are cold-blooded and may be slowed by cold attacks.


Message History

Unknown command.
You barely miss the gnoll.
The gnoll is severely wounded.
The gnoll hits you with a +0 halberd.
* * * LOW HITPOINT WARNING * * *
Unknown command.
Unknown command.
Unknown command.
You closely miss the gnoll.
The orc shouts!
Your punch misses the gnoll.
The gnoll is severely wounded.
You hear a shout!
The giant cockroach misses you. The gnoll closely misses you.
Unknown command.
Unknown command.
Unknown command.
You hit the gnoll but do no damage.
The gnoll is severely wounded.
The giant cockroach barely misses you. The gnoll hits you with a +0 halberd!
* * * LOW HITPOINT WARNING * * *
Unknown command.
Unknown command.
Unknown command.
You punch the gnoll!
You kill the gnoll!
You hear a splash.
The giant cockroach barely misses you.
Unknown command.
Unknown command.
Unknown command.
You hit the gnoll.
The gnoll is lightly wounded.
The giant cockroach bites you but does no damage.
Unknown command.
Unknown command.
You punch the gnoll!
The gnoll is severely wounded.
The giant cockroach closely misses you. The gnoll hits you with a +0 whip!
You die...

#.#.~≈~....#
#g#.~≈~....#
#'###≈≈....#
#######.og#≈~P...#
......#ggg#≈≈....#
~≈~~~o#####≈~....#
≈≈≈≈≈≈≈≈≈≈≈≈≈....#
~~((≈~g≈)†~~))..P#
..(.(.Bh)........#
...##.#.##########
.....# ..##.### ##
#. #


You could see 4 gnolls, 2 orcs and a giant cockroach.

Vanquished Creatures
  A howler monkey (D:3)
  A gnoll bouda (D:3)
  An orc wizard (D:3)
  3 gnolls (D:3)
  2 worms (D:2)
  2 dart slugs (D:2)
  7 orcs (D:3)
  5 ball pythons
  3 endoplasms
  3 giant cockroaches (D:1)
  3 goblins
  5 hobgoblins
  11 jackals (D:3)
  4 kobolds
  2 bats (D:2)
  4 frilled lizards
  6 rats
63 creatures vanquished.

Notes
Turn   | Place    | Note
-------+----------+-------------------------------------------
     0 | D:1      | Morbidden the Draconian Shapeshifter began the quest for
                  | the Orb.
     0 | D:1      | Reached XP level 1. HP: 16/16 MP: 1/1
    99 | D:1      | Found a faded altar of an unknown god.
   274 | D:1      | Reached XP level 2. HP: 23/23 MP: 2/2
   927 | D:2      | Reached XP level 3. HP: 20/28 MP: 3/3
  1558 | D:2      | Found a white marble altar of Elyvilon.
  2186 | D:3      | Reached XP level 4. HP: 25/35 MP: 4/4
  2194 | D:3      | Reached skill level 4 in Unarmed Combat
  2348 | D:3      | Reached XP level 5. HP: 32/41 MP: 5/5
  2571 | D:3      | Slain by a gnoll

Illustrated notes

Levels and vault maps discovered:
D:1:      lightli_arrival_statue_moat, layout_basic,
          hellmonk_ecumenical_altar_crossroads, columned_hall_lemuel
D:2:      layout_loops_corners, basic_altar, kennysheep_nondescript
D:3:      lemuel_castle_with_subvaults [lemuel_castle_interior_original],
          layout_loops_ring, uniq_crazy_yiuf_cottage

Skill      XL: |  1  2  3  4 |
---------------+-------------+-----
Dodging        | 2 |  2.5
Unarmed Combat | 4 |  4.6
Fighting       | 2 |  2.5
Throwing       | |  0.1
Stealth        | |  0.5
Shapeshifting  | |  3.8

Action                     |  1- 3 |  4- 6 || total
---------------------------+-------+-------++-------
  Melee: Unarmed           |   121 |    66 ||   187
         Punch             |     2 |     1 ||     3
         Tailslap          |     9 |     6 ||    15
  Throw: Dart              |       |    12 ||    12
   Stab: Sleeping          |     3 |       ||     3
 Armour: Skin              |    46 |    37 ||    83
  Dodge: Dodged            |    64 |    35 ||    99

Table legend: (Time is in decaauts)
 A = Elapsed time spent in this place.
 B = Non-inter-level travel time spent in this place.
 C = Inter-level travel time spent in this place.
 D = Time resting spent in this place.
 E = Time spent auto-exploring this place.
 F = Levels seen in this place.
 G = Mean time per level.
                   A        B        C        D        E       F      G
               +--------+--------+--------+--------+--------+-----+--------+
         Total |   2565 |   2537 |     28 |    213 |   1893 |   3 |  855.0 |
       Dungeon |   2565 |   2537 |     28 |    213 |   1893 |   3 |  855.0 |
               +--------+--------+--------+--------+--------+-----+--------+

Top non-repeatable levels by time:
     D:2: 1167 daAuts
     D:1: 724 daAuts
     D:3: 673 daAuts
